| TOP OF THE 1ST |
|
Boise Hawks batting - Pitching for Batavia Muckdogs : RHP James Bitner
|
|
Pitching: RHP James Bitner
|
|
|
Batting: LHB Steve Gilliam
|
0-0: Ball 1-0: Ball 2-0: Foul Ball, location: 2F 2-1: Called Strike 2-2: Strikes out looking
|
|
Batting: RHB Elias Urbina
|
0-0: Called Strike 0-1: Ball 1-1: Ball 2-1: Swinging Strike 2-2: Ball 3-2: Foul Ball, location: 2F 3-2: Base on Balls
|
|
Batting: LHB Greg Valenzuela
|
0-0: Ball 1-0: Called Strike Elias Urbina steals 2nd base 1-1: Ground out 3-1 (Groundball, 34, EV 101.9 MPH) Elias Urbina to third
|
|
Batting: SHB Bobby Santor
|
0-0: Called Strike 0-1: Ball 1-1: Called Strike 1-2: Foul Ball, location: 2F 1-2: Ground out 4-3 (Groundball, 4, EV 101.9 MPH)
|
| Top of the 1st over - 0 runs, 0 hits, 0 errors, 1 left on base; Boise 0 - Batavia 0 |
| BOTTOM OF THE 1ST |
|
Batavia Muckdogs batting - Pitching for Boise Hawks : RHP Dave Spriggs
|
|
Pitching: RHP Dave Spriggs
|
|
|
Batting: RHB Calvin Morin
|
0-0: Ball 1-0: Ball 2-0: Foul Ball, location: 2F 2-1: Called Strike 2-2: Foul Ball, location: 2F 2-2: Strikes out looking
|
|
Batting: LHB David Doge
|
0-0: Ball 1-0: Ball 2-0: Called Strike 2-1: Swinging Strike 2-2: Ball 3-2: Base on Balls
|
|
Batting: RHB Jim Fisher
|
0-0: Called Strike 0-1: Ball 1-1: Ball 2-1: Ball 3-1: Grounds into double play, 5-4-3 (Groundball, 25, EV 81.9 MPH)
|
| Bottom of the 1st over - 0 runs, 0 hits, 0 errors, 0 left on base; Boise 0 - Batavia 0 |
| TOP OF THE 2ND |
|
Boise Hawks batting - Pitching for Batavia Muckdogs : RHP James Bitner
|
|
Batting: RHB Eric Delgado
|
0-0: Called Strike 0-1: Ball 1-1: Foul Ball, location: 2F 1-2: Foul Ball, location: 2F 1-2: Ball 2-2: Ball 3-2: Foul Ball, location: 2F 3-2: Foul Ball, location: 2F 3-2: Foul Ball, location: 2F 3-2: Base on Balls
|
|
Batting: RHB Chris Tatum
|
0-0: Ball 1-0: Reached on error, E6 (Groundball, 6S, EV 82.5 MPH) Eric Delgado to second
|
|
Batting: LHB Mike Clark
|
0-0: Ball 1-0: Called Strike 1-1: Called Strike 1-2: Strikes out swinging
|
|
Batting: RHB John Stevenson
|
0-0: Swinging Strike 0-1: Called Strike 0-2: Ball 1-2: Fielders Choice at 2nd, 4-6 (Groundball, 4MD, EV 106.9 MPH) Eric Delgado to third
|
|
Batting: LHB Zane Kelton
|
0-0: Called Strike 0-1: Ball 1-1: Ball 2-1: Foul Ball, location: 2F 2-2: Strikes out swinging
|
| Top of the 2nd over - 0 runs, 0 hits, 1 error, 2 left on base; Boise 0 - Batavia 0 |
| BOTTOM OF THE 2ND |
|
Batavia Muckdogs batting - Pitching for Boise Hawks : RHP Dave Spriggs
|
|
Batting: RHB Len Graham
|
0-0: Fly out, F8 (Flyball, 89D, EV 91.9 MPH)
|
|
Batting: LHB Ryan Thompson
|
0-0: Ball 1-0: Swinging Strike 1-1: Called Strike 1-2: Strikes out swinging
|
|
Batting: RHB Nate Crofts
|
0-0: SINGLE (Line Drive, 4D, EV 105.6 MPH)
|
|
Batting: RHB Hiromitsu Yamada
|
0-0: Called Strike 0-1: Ball 1-1: Foul Ball, location: 2F 1-2: SINGLE (Groundball, 6MD, EV 101.2 MPH) Nate Crofts to second
|
|
Batting: RHB Jeremy Dennis
|
0-0: Called Strike 0-1: Fly out, F8 (Flyball, 8RD, EV 74.4 MPH)
|
| Bottom of the 2nd over - 0 runs, 2 hits, 0 errors, 2 left on base; Boise 0 - Batavia 0 |
| TOP OF THE 3RD |
|
Boise Hawks batting - Pitching for Batavia Muckdogs : RHP James Bitner
|
|
Batting: LHB Steve Gilliam
|
0-0: Swinging Strike 0-1: Ground out 6-3 (Groundball, 56, EV 107.5 MPH)
|
|
Batting: RHB Elias Urbina
|
0-0: Ball 1-0: Ball 2-0: Foul Ball, location: 2F 2-1: Ball 3-1: Called Strike 3-2: Foul Ball, location: 2F 3-2: Foul Ball, location: 2F 3-2: Base on Balls
|
|
Batting: LHB Greg Valenzuela
|
0-0: Ball 1-0: Foul Ball, location: 2F 1-1: Ball 2-1: Swinging Strike 2-2: Foul Ball, location: 2F 2-2: Ball 3-2: Foul Ball, location: 2F 3-2: Foul Ball, location: 2F 3-2: Foul Ball, location: 2F 3-2: Base on Balls Elias Urbina to second
|
|
Pitching: RHP Alex Garza
|
|
|
Batting: SHB Bobby Santor
|
0-0: Ball 1-0: Ball 2-0: Ball 3-0: Base on Balls Elias Urbina to third Greg Valenzuela to second
|
|
Batting: RHB Eric Delgado
|
0-0: Called Strike 0-1: Foul Ball, location: 2F 0-2: Foul Ball, location: 2F 0-2: Strikes out swinging
|
|
Batting: RHB Chris Tatum
|
0-0: Ball 1-0: Fielders Choice at 2nd, U6 (Groundball, 6M, EV 88.8 MPH)
|
| Top of the 3rd over - 0 runs, 0 hits, 0 errors, 3 left on base; Boise 0 - Batavia 0 |
| BOTTOM OF THE 3RD |
|
Batavia Muckdogs batting - Pitching for Boise Hawks : RHP Dave Spriggs
|
|
Batting: RHB Jose Trevino
|
0-0: Ball 1-0: Ball 2-0: Ground out 4-3 (Groundball, 4S, EV 72.5 MPH)
|
|
Batting: RHB Calvin Morin
|
0-0: Swinging Strike 0-1: Called Strike 0-2: Strikes out swinging
|
|
Batting: LHB David Doge
|
0-0: Ball 1-0: Called Strike 1-1: Ball 2-1: Foul Ball, location: 2F 2-2: Foul Ball, location: 2F 2-2: Ground out 5-3 (Groundball, 56, EV 104.4 MPH)
|
| Bottom of the 3rd over - 0 runs, 0 hits, 0 errors, 0 left on base; Boise 0 - Batavia 0 |
| TOP OF THE 4TH |
|
Boise Hawks batting - Pitching for Batavia Muckdogs : RHP Alex Garza
|
|
Batting: LHB Mike Clark
|
0-0: Called Strike 0-1: Swinging Strike 0-2: Ball 1-2: Strikes out swinging
|
|
Batting: RHB John Stevenson
|
0-0: Swinging Strike 0-1: TRIPLE (Flyball, 9LD, EV 101.2 MPH)
|
|
Batting: LHB Zane Kelton
|
0-0: Foul Ball, location: 2F 0-1: Called Strike 0-2: Fly out, F7 (Line Drive, 7LM, EV 101.2 MPH) Runner from 3rd tags up, SCORES, no throw by LF
|
|
Pitching: RHP Ryan Babbitt
|
|
|
Batting: LHB Steve Gilliam
|
0-0: Ball 1-0: SINGLE (Line Drive, 56D, EV 98.8 MPH)
|
|
Batting: RHB Elias Urbina
|
0-0: Ball Steve Gilliam is caught stealing 2nd base 2-4
|
| Top of the 4th over - 1 run, 2 hits, 0 errors, 0 left on base; Boise 1 - Batavia 0 |
| BOTTOM OF THE 4TH |
|
Batavia Muckdogs batting - Pitching for Boise Hawks : RHP Dave Spriggs
|
|
Batting: RHB Jim Fisher
|
0-0: Swinging Strike 0-1: Called Strike 0-2: Ground out 4-3 (Groundball, 4, EV 91.9 MPH)
|
|
Batting: RHB Len Graham
|
0-0: Fly out, F8 (Flyball, 8RM, EV 93.1 MPH)
|
|
Batting: LHB Ryan Thompson
|
0-0: Ball 1-0: Ball 2-0: Called Strike 2-1: Ground out 4-3 (Groundball, 34, EV 82.5 MPH)
|
| Bottom of the 4th over - 0 runs, 0 hits, 0 errors, 0 left on base; Boise 1 - Batavia 0 |
| TOP OF THE 5TH |
|
Boise Hawks batting - Pitching for Batavia Muckdogs : RHP Ryan Babbitt
|
|
Batting: RHB Elias Urbina
|
0-0: Ball 1-0: Called Strike 1-1: Swinging Strike 1-2: Fly out, F9 (Line Drive, 9S, EV 98.1 MPH)
|
|
Batting: LHB Greg Valenzuela
|
0-0: Called Strike 0-1: SOLO HOME RUN (Line Drive, 9LD, EV 94.4 MPH), Distance : 341 ft
|
|
Batting: SHB Bobby Santor
|
0-0: Ball 1-0: Ball 2-0: Foul Ball, location: 2F 2-1: Called Strike 2-2: Ball 3-2: Strikes out swinging
|
|
Batting: RHB Eric Delgado
|
0-0: Ball 1-0: Foul Ball, location: 2F 1-1: Swinging Strike 1-2: Strikes out swinging
|
| Top of the 5th over - 1 run, 1 hit, 0 errors, 0 left on base; Boise 2 - Batavia 0 |
| BOTTOM OF THE 5TH |
|
Batavia Muckdogs batting - Pitching for Boise Hawks : RHP Dave Spriggs
|
|
Batting: RHB Nate Crofts
|
0-0: Foul Ball, location: 2F 0-1: Foul Ball, location: 2F 0-2: Foul Ball, location: 2F 0-2: SOLO HOME RUN (Flyball, 78XD, EV 96.9 MPH), Distance : 386 ft
|
|
Batting: RHB Hiromitsu Yamada
|
0-0: Ball 1-0: Ball 2-0: Foul Ball, location: 2F 2-1: Foul Ball, location: 2F 2-2: Ball 3-2: Base on Balls
|
|
Batting: RHB Jeremy Dennis
|
0-0: Called Strike 0-1: Ball 1-1: Called Strike 1-2: Ball Hiromitsu Yamada steals 2nd base 2-2: Strikes out swinging
|
|
Batting: RHB Jose Trevino
|
0-0: Ball 1-0: Ball 2-0: Swinging Strike 2-1: Swinging Strike 2-2: Foul Ball, location: 2F 2-2: Strikes out swinging
|
|
Batting: RHB Calvin Morin
|
0-0: Called Strike 0-1: Foul Ball, location: 2F 0-2: Ball 1-2: Ball 2-2: Strikes out swinging
|
| Bottom of the 5th over - 1 run, 1 hit, 0 errors, 1 left on base; Boise 2 - Batavia 1 |
| TOP OF THE 6TH |
|
Boise Hawks batting - Pitching for Batavia Muckdogs : RHP Ryan Babbitt
|
|
Pitching: RHP Scott Feltham
|
|
|
Batting: RHB Chris Tatum
|
0-0: Called Strike 0-1: Ball 1-1: Ground out 5-3 (Groundball, 56, EV 101.2 MPH)
|
|
Batting: LHB Mike Clark
|
0-0: Ball 1-0: Called Strike 1-1: Ball 2-1: SINGLE (Groundball, 4MD, EV 106.2 MPH)
|
|
Batting: RHB John Stevenson
|
0-0: Called Strike 0-1: Ball Mike Clark is caught stealing 2nd base 2-4 1-1: Swinging Strike 1-2: TRIPLE (Flyball, 9LD, EV 113.8 MPH)
|
|
Batting: LHB Zane Kelton
|
0-0: Called Strike 0-1: Ground out 4-3 (Groundball, 4D, EV 109.4 MPH)
|
| Top of the 6th over - 0 runs, 2 hits, 0 errors, 1 left on base; Boise 2 - Batavia 1 |
| BOTTOM OF THE 6TH |
|
Batavia Muckdogs batting - Pitching for Boise Hawks : RHP Dave Spriggs
|
|
Pitching: LHP Dan Ott
|
|
|
Pinch Hitting: RHB Mario Barraza
|
0-0: Called Strike 0-1: Ball 1-1: Foul Ball, location: 2F 1-2: Ball 2-2: Ball 3-2: Foul Ball, location: 2F 3-2: Base on Balls
|
|
Batting: RHB Jim Fisher
|
0-0: Ball 1-0: Called Strike 1-1: Foul Ball, location: 2F 1-2: Ball 2-2: Ball 3-2: DOUBLE (Line Drive, 9LM, EV 98.1 MPH) Mario Barraza to third
|
|
Batting: RHB Len Graham
|
0-0: Ball 1-0: Called Strike 1-1: Called Strike 1-2: Fly out, F8 (Flyball, 78M, EV 83.1 MPH)
|
|
Batting: RHB Alex Ramirez
|
0-0: SINGLE (Groundball, 56D, EV 96.9 MPH) Mario Barraza scores Jim Fisher to third Throwing error, E7 Jim Fisher scores Alex Ramirez to second
|
|
Batting: RHB Nate Crofts
|
0-0: Swinging Strike 0-1: Ball 1-1: Swinging Strike 1-2: Strikes out swinging
|
|
Batting: RHB Hiromitsu Yamada
|
0-0: Ball 1-0: Ball 2-0: Ball 3-0: Called Strike 3-1: Called Strike 3-2: Base on Balls
|
|
Batting: RHB Jeremy Dennis
|
0-0: Swinging Strike 0-1: Foul Ball, location: 2F 0-2: SINGLE (Groundball, 5S, EV 72.5 MPH) (infield hit) Alex Ramirez to third Hiromitsu Yamada to second
|
|
Batting: RHB Jose Trevino
|
0-0: Ball 1-0: Ground out 3-1 (Groundball, 34S, EV 83.8 MPH)
|
| Bottom of the 6th over - 2 runs, 3 hits, 1 error, 3 left on base; Boise 2 - Batavia 3 |
| TOP OF THE 7TH |
|
Boise Hawks batting - Pitching for Batavia Muckdogs : RHP Scott Feltham
|
|
Pitching: RHP Giampaolo Nobile
|
|
|
Now in RF: Emilio Montalvo
|
|
|
Batting: LHB Steve Gilliam
|
0-0: Ball 1-0: Called Strike 1-1: Ball 2-1: Swinging Strike 2-2: Strikes out swinging
|
|
Batting: RHB Elias Urbina
|
0-0: Ground out 3-1 (Groundball, 3L, EV 102.5 MPH)
|
|
Batting: LHB Greg Valenzuela
|
0-0: Foul Ball, location: 2F 0-1: Foul Ball, location: 2F 0-2: Foul Ball, location: 2F 0-2: Ball 1-2: Foul Ball, location: 2F 1-2: Foul Ball, location: 2F 1-2: Strikes out swinging
|
| Top of the 7th over - 0 runs, 0 hits, 0 errors, 0 left on base; Boise 2 - Batavia 3 |
| BOTTOM OF THE 7TH |
|
Batavia Muckdogs batting - Pitching for Boise Hawks : LHP Dan Ott
|
|
Pitching: RHP Angelo Ayala
|
|
|
Batting: RHB Calvin Morin
|
0-0: Ball 1-0: Ball 2-0: Ball 3-0: Called Strike 3-1: Foul Ball, location: 2F 3-2: Foul Ball, location: 2F 3-2: Foul Ball, location: 2F 3-2: Base on Balls
|
|
Batting: LHB Emilio Montalvo
|
0-0: Bunt missed! 0-1: Bunted foul 0-2: Ball Pickoff Throw to First - Error! E1 Calvin Morin to second 1-2: Ball 2-2: Strikes out swinging
|
|
Batting: RHB Jim Fisher
|
0-0: Ball 1-0: Called Strike Calvin Morin steals 3rd base 1-1: SINGLE (Line Drive, 9LS, EV 91.2 MPH) Calvin Morin scores
|
|
Batting: RHB Len Graham
|
0-0: Fly out, F9 (Flyball, 9LS, EV 94.4 MPH)
|
|
Batting: RHB Alex Ramirez
|
0-0: Ball 1-0: Fielders Choice at 2nd, 5-4 (Groundball, 56, EV 81.9 MPH)
|
| Bottom of the 7th over - 1 run, 1 hit, 1 error, 1 left on base; Boise 2 - Batavia 4 |
| TOP OF THE 8TH |
|
Boise Hawks batting - Pitching for Batavia Muckdogs : RHP Giampaolo Nobile
|
|
Batting: SHB Bobby Santor
|
0-0: Foul Ball, location: 2F 0-1: Foul Ball, location: 2F 0-2: Strikes out swinging
|
|
Batting: RHB Eric Delgado
|
0-0: Called Strike 0-1: Called Strike 0-2: Ball 1-2: SINGLE (Line Drive, 9S, EV 88.1 MPH)
|
|
Batting: RHB Chris Tatum
|
0-0: Ball 1-0: Swinging Strike 1-1: Ball 2-1: Ball 3-1: Foul Ball, location: 2F 3-2: Strikes out swinging Eric Delgado is caught stealing 2nd base 2-4 Batter strikes out.
|
| Top of the 8th over - 0 runs, 1 hit, 0 errors, 0 left on base; Boise 2 - Batavia 4 |
| BOTTOM OF THE 8TH |
|
Batavia Muckdogs batting - Pitching for Boise Hawks : RHP Angelo Ayala
|
|
Pitching: RHP Diego Arredondo
|
|
|
Batting: RHB Nate Crofts
|
0-0: Ball 1-0: Ball 2-0: Ball 3-0: Called Strike 3-1: Swinging Strike 3-2: Strikes out swinging
|
|
Batting: RHB Hiromitsu Yamada
|
0-0: Called Strike 0-1: Swinging Strike 0-2: Ball 1-2: Foul Ball, location: 2F 1-2: Ball 2-2: Ball 3-2: Base on Balls
|
|
Batting: RHB Jeremy Dennis
|
0-0: Foul Ball, location: 2F 0-1: Ball 1-1: Swinging Strike 1-2: Fly out, F3 (Popup, 3SF, EV 87.5 MPH)
|
|
Batting: RHB Jose Trevino
|
0-0: Ball 1-0: Foul Ball, location: 2F 1-1: Fly out, F8 (Flyball, 8RXD, EV 92.5 MPH)
|
| Bottom of the 8th over - 0 runs, 0 hits, 0 errors, 1 left on base; Boise 2 - Batavia 4 |
| TOP OF THE 9TH |
|
Boise Hawks batting - Pitching for Batavia Muckdogs : RHP Giampaolo Nobile
|
|
Batting: LHB Mike Clark
|
0-0: Swinging Strike 0-1: Called Strike 0-2: Ground out U3 (Groundball, 3, EV 78.1 MPH)
|
|
Pinch Hitting: LHB Glenn Lowther
|
0-0: SINGLE (Line Drive, 6M, EV 98.8 MPH)
|
|
Batting: LHB Zane Kelton
|
0-0: Called Strike 0-1: Ball 1-1: Called Strike 1-2: Ground out 4-3 (Groundball, 34, EV 103.8 MPH) Glenn Lowther to second
|
|
Batting: LHB Steve Gilliam
|
0-0: Called Strike 0-1: Ball 1-1: Foul Ball, location: 2F 1-2: Ball 2-2: Ball 3-2: Base on Balls
|
|
Batting: RHB Elias Urbina
|
0-0: Ball 1-0: Ball 2-0: Called Strike 2-1: 3-RUN HOME RUN (Flyball, 7LD, EV 91.2 MPH), Distance : 335 ft
|
|
Batting: LHB Greg Valenzuela
|
0-0: SOLO HOME RUN (Flyball, 9D, EV 98.8 MPH), Distance : 372 ft
|
|
Batting: SHB Bobby Santor
|
0-0: Ball 1-0: Called Strike 1-1: Foul Ball, location: 2F 1-2: Strikes out swinging
|
| Top of the 9th over - 4 runs, 3 hits, 0 errors, 0 left on base; Boise 6 - Batavia 4 |
| BOTTOM OF THE 9TH |
|
Batavia Muckdogs batting - Pitching for Boise Hawks : RHP Diego Arredondo
|
|
Pitching: RHP Tye Dickinson
|
|
|
Now in CF: Glenn Lowther
|
|
|
Pinch Hitting: LHB Andrew van Dongen
|
0-0: Ball 1-0: Ball 2-0: Ball 3-0: Base on Balls
|
|
Pinch Hitting: SHB Dan Zink
|
0-0: Ball 1-0: Ball 2-0: Called Strike 2-1: Ball 3-1: Called Strike 3-2: SINGLE (Groundball, 56D, EV 98.8 MPH) Andrew van Dongen to second Andrew van Dongen to third
|
|
Pinch Hitting: LHB Carlos Mosqueda
|
0-0: Grounds into double play, 4-6-3 (Groundball, 4, EV 85.6 MPH) Andrew van Dongen scores
|
|
Pinch Hitting: LHB Mario Tirado
|
0-0: Ball 1-0: SINGLE (Groundball, 4MD, EV 104.4 MPH)
|
|
Batting: RHB Alex Ramirez
|
0-0: Ball 1-0: Called Strike 1-1: SINGLE (Groundball, 56D, EV 103.1 MPH) Mario Tirado to second
|
|
Pinch Hitting: LHB Chris Jonas
|
0-0: Ball 1-0: Ground out 4-3 (Groundball, 4, EV 98.8 MPH)
|
| Bottom of the 9th over - 1 run, 3 hits, 0 errors, 2 left on base; Boise 6 - Batavia 5 |
|